 Dungeon Crawl Stone Soup version 0.31-a0-175-g9f7f995f2b (webtiles) character file.

Game seed: 13284790043334062509

135 qw the Shooter (level 5, -3/32 HPs)
             Began as a Gargoyle Hunter on June 16, 2023.
             Slain by a gnoll
             ... wielding a +0 flail
              (4 damage)
             ... on level 3 of the Dungeon.
             The game lasted 00:00:41 (1760 turns).

qw the Shooter (Gargoyle Hunter)                    Turns: 1760, Time: 00:00:42

Health: -3/32      AC:  9    Str: 14    XL:     5   Next: 18%
Magic:  5/5        EV: 10    Int: 10    God:
Gold:   186        SH:  0    Dex: 15    Spells: 4/4 levels left

rFire   . . .        Y - +0 shortbow
rCold   . . .        (shield currently unavailable)
rNeg    + . .        h - +0 ring mail
rPois   inf          (no helmet)
rElec   +            (no cloak)
rCorr   .            (no gloves)
SInv    .            (no boots)
Will    .....        (no amulet)
Stlth   +            (no ring)
HPRegen 0.25/turn    (no ring)
MPRegen 0.09/turn

%: no passive effects
@: no status effects
A: sickness immunity, AC +4, negative energy resistance 1, electricity
resistance, torment resistance 1, petrification resistance
a: no special abilities


You were on level 3 of the Dungeon.
You visited 1 branch of the dungeon, and saw 4 of its levels.

You collected 186 gold pieces.


Innate Abilities, Weirdness & Mutations

You are immune to sickness and miasma.
Your stone body is resilient. (AC +4)
You are immune to poison.
You resist negative energy. (rN+)
You are resistant to electric shocks. (rElec)
You are resistant to unholy torment.
You are immune to petrification.


   Skills:
 - Level 3.1 Fighting
 + Level 5.8 Ranged Weapons
 - Level 1.0 Armour
 - Level 1.5 Dodging
 - Level 1.1 Stealth


You had 4 spell levels left.
You didn't know any spells.
Your spell library was empty.

Inventory:

Hand Weapons
 Y - a +0 shortbow (weapon)
Armour
 h - a +0 ring mail (worn)
Scrolls
 a - a scroll of identify
Potions
 b - a potion of heal wounds {unknown}
 c - a potion of brilliance {unknown}
 d - a potion of might
 e - a potion of curing {unknown}
 f - a potion of enlightenment {unknown}
 i - a potion of cancellation {unknown}

Dungeon Overview and Level Annotations

Branches:
Dungeon (4/15)
 Temple: D:4-7

Altars:
Gozag


Message History

Done exploring.
(D) Dungeon
Where to? (* - list waypoints, Enter - D:4, ? - help)
What level of the Dungeon? (default 1, ? - help)
You climb downwards.
The jelly barely misses you. The gnoll barely misses you.
The gnoll hits you with a +0 flail! The jelly closely misses you.
The gnoll barely misses you. x2
There is a stone staircase leading up here.
1752 ||| STAIRDANCE The jelly misses you.
The gnoll hits you but does no damage. x2
You climb upwards.
There is a stone staircase leading down here.
You shoot an arrow. The arrow hits the jelly.
The jelly is moderately wounded.
The jelly completely misses you. The gnoll closely misses you.
The gnoll barely misses you.
You shoot an arrow. The arrow hits the jelly.
The jelly is heavily wounded.
The jelly hits you but does no damage. The gnoll hits you with a +0 whip.
The gnoll hits you but does no damage.
You shoot an arrow. The arrow hits the jelly.
The jelly is severely wounded.
The jelly hits you but does no damage. The gnoll closely misses you.
The gnoll hits you but does no damage. The jelly hits you but does no damage.
The gnoll barely misses you. The gnoll hits you with a +0 flail.
You shoot an arrow.
The arrow hits the jelly but does no damage.
The jelly is severely wounded.
The jelly hits you but does no damage. The gnoll hits you with a +0 whip.
The gnoll closely misses you.
You shoot an arrow. The arrow hits the jelly!
You kill the jelly!
The gnoll hits you with a +0 whip. The gnoll barely misses you.
You have reached level 5!
You shoot an arrow. The arrow closely misses the gnoll.
The gnoll hits you with a +0 whip. The gnoll hits you with a +0 flail.
You shoot an arrow.
The arrow hits the gnoll but does no damage.
The gnoll barely misses you. The gnoll hits you with a +0 flail.
You die...

#....'........#[#####....#
#.####........#..........#######
#.# #........#..........'.....#
#.# #........#..........#####.#
#.# #........#..........# #.#
#.# #........#.#######'## #.#
#.# ###........# #.######.#
##.######......gg### #.#......#
........'.......@..# #.#.######
##'######......).#######.#.#
....#####..................#
..............##..######.###
.....##........#..# #.#
.....##......<.+..# #.#
####.##........#.#######.#
#..#######............# ##.##
##..........##


You could see 2 gnolls.

Vanquished Creatures
  A jelly (D:3)
  2 gnolls (D:3)
  4 adders
  A worm (D:2)
  2 dart slugs (D:1)
  6 bats
  6 endoplasms
  2 giant cockroaches
  2 goblins
  6 hobgoblins
  3 kobolds (D:1)
  3 quokkas
  5 ball pythons
  3 frilled lizards
46 creatures vanquished.

Notes
Turn   | Place    | Note
-------+----------+-------------------------------------------
     0 | D:1      | qw the Gargoyle Hunter began the quest for the Orb.
     0 | D:1      | Reached XP level 1. HP: 12/12 MP: 1/1
     0 | D:1      | 0 ||| qw: Version: 0.2-a-29-g511e9b1
     0 | D:1      | 0 ||| qw: Game counter: 5892
     0 | D:1      | 0 ||| qw: Always use a shield: true
     0 | D:1      | 0 ||| qw: God list: Okawaru
     0 | D:1      | 0 ||| qw: Allow faded altars: false
     0 | D:1      | 0 ||| qw: Do Orc after D:15 true
     0 | D:1      | 0 ||| qw: Do second Lair branch before Depths: true
     0 | D:1      | 0 ||| qw: Lair rune preference: random
     0 | D:1      | 0 ||| qw: Plans: Normal, Zot:1-4, Slime:5, God:TSO, Crypt,
                  | Tomb, Abyss, Pan, Hells, Win
     0 | D:1      | 0 ||| PLANNING D:1-11
   103 | D:1      | Reached XP level 2. HP: 17/17 MP: 2/2
   448 | D:1      | Reached XP level 3. HP: 21/21 MP: 3/3
   666 | D:1      | 666 ||| UPGRADING to +0 ring mail.
   676 | D:1      | 676 ||| DROPPING +0 leather armour.
   677 | D:1      | 677 ||| DROPPING ring of flight.
   678 | D:1      | 678 ||| READING 2 scrolls labelled BUDEDO JUWUIG.
   679 | D:1      | 679 ||| READING scroll labelled HUURCH HEREN.
   680 | D:1      | 680 ||| READING scroll labelled MUHOMU NIEKH.
   681 | D:1      | 681 ||| READING scroll labelled PUEPEO RYSU.
   686 | D:1      | 686 ||| DROPPING scroll of butterflies.
   867 | D:2      | Reached skill level 1 in Armour
   978 | D:2      | Reached skill level 5 in Ranged Weapons
  1051 | D:2      | 1051 ||| READING 2 scrolls of identify.
  1051 | D:2      | 1051 ||| IDENTIFYING smoky puce potion
  1254 | D:3      | Found an opulent altar of Gozag.
  1318 | D:3      | Reached XP level 4. HP: 27/27 MP: 4/4
  1374 | D:3      | Reached skill level 3 in Fighting
  1651 | D:3      | 1651 ||| READING scroll labelled RAOSESYEZO.
  1674 | D:4      | 1674 ||| STAIRDANCE
  1752 | D:4      | 1752 ||| STAIRDANCE
  1758 | D:3      | HP: 7/28 [gnoll/+0 whip (3)]
  1759 | D:3      | Reached XP level 5. HP: 8/32 MP: 5/5
  1759 | D:3      | HP: 1/32 [gnoll/+0 flail (3)]
  1760 | D:3      | Slain by a gnoll

Levels and vault maps discovered:
D:1:      tarquinn_simple_flora_water_d, layout_loops_cross
D:2:      layout_rooms
D:3:      layout_basic, nicolae_gozag_seed_capital
D:4:      layout_rooms, amethyst_overflow_temple_binary

Skill      XL: |  1  2  3  4 |
---------------+-------------+-----
Armour         | 1 |  1.0
Ranged Weapons | 5 |  5.8
Fighting       | 3 |  3.1
Dodging        | |  1.5
Stealth        | |  1.1

Action                     |  1- 3 |  4- 6 || total
---------------------------+-------+-------++-------
   Fire: Shortbow          |   118 |    47 ||   165
    Use: Scroll            |     5 |     1 ||     6
 Armour: Leather armour    |     7 |       ||     7
         Ring mail         |    16 |    38 ||    54
  Dodge: Dodged            |    37 |    42 ||    79

Table legend:
 A = Non-vault XP
 B = Vault XP
 C = Vault XP percentage of total XP
 D = Non-vault monster count
 E = Vault monster count
 F = Vault count percentage of total count
                 A         B        C        D         E       F
            +---------+---------+-------+---------+---------+-------
      Total |     194 |       0 |   0.0 |      46 |       0 |   0.0
            +---------+---------+-------+---------+---------+-------
        D:1 |      36 |       0 |   0.0 |      20 |       0 |   0.0
        D:2 |      35 |       0 |   0.0 |      11 |       0 |   0.0
        D:3 |     121 |       0 |   0.0 |      14 |       0 |   0.0
        D:4 |       2 |       0 |   0.0 |       1 |       0 |   0.0
            +---------+---------+-------+---------+---------+-------
